 Dungeon Crawl Stone Soup version 0.21.0-3-g78d12a8 (webtiles) character file.

3709 Lanoc the Covert (level 9, 0/90 (94) HPs)
             Began as a Vampire Chaos Knight on Jan 8, 2018.
             Engulfed by a death drake's foul pestilence (7 damage)
             ... on level 8 of the Dungeon.
             The game lasted 00:30:00 (5346 turns).

Lanoc the Covert (Vampire Chaos Knight)             Turns: 5346, Time: 00:30:02

HP:   0/90 (94)     AC: 24    Str: 11    XL:     9   Next: 91%
MP:   9/9           EV:  2    Int: 15    God:    Xom [...*..]
Gold: 454           SH:  0    Dex: 14    Spells: 8/8 levels left

rFire    . . .     SeeInvis +   a - +0 falchion (chaos)
rCold    . . .     Gourm    .   (no shield)
rNeg     + + +     Faith    .   (armour currently unavailable)
rPois    +         Spirit   .   (helmet currently unavailable)
rElec    .         Reflect  .   (cloak currently unavailable)
rCorr    .         Harm     .   (gloves currently unavailable)
MR       +....     Clarity  +   (boots currently unavailable) Stlth ++++......NoTele +
                                h - amulet of regeneration
HPRegen  0.00/turn              A - ring of protection from magic
MPRegen  0.11/turn              (no ring)

@: lethally poisoned (0 -> -38), tree-form, non-regenerating, diseased, slowed,
very slow
A: see invisible, clarity, clumsy 1, frail 1
a: Bat Form, Renounce Religion


You were on level 8 of the Dungeon.
You worshipped Xom.
You were a favourite toy of Xom.
You were not thirsty.
You were a tree.
You visited 2 branches of the dungeon, and saw 9 of its levels.
You also visited: Sewer.

You collected 454 gold pieces.

Inventory:

Hand Weapons
 a - a +0 falchion of chaos (weapon)
 j - a +0 dagger of speed
 D - a +0 long sword
Armour
 f - a +0 cloak (melded)
 s - a +1 troll leather armour (melded) {Purgy}
Jewellery
 h - an amulet of regeneration (around neck)
 q - an uncursed amulet of harm {unknown}
 A - a ring of protection from magic (left branch)
Wands
 n - a wand of polymorph (10)
 y - a wand of iceblast (5)
Scrolls
 d - 5 scrolls of fog {unknown}
 i - a scroll of enchant armour
 m - a scroll of torment {unknown}
 o - a scroll of fear {unknown}
 t - 2 scrolls of immolation
 u - a scroll of random uselessness {unknown}
 w - 2 scrolls of teleportation {unknown}
 x - 2 scrolls of remove curse
 B - a scroll of blinking {unknown}
 C - a scroll of noise {unknown}
Potions
 c - 25 potions of blood
 g - 3 potions of curing
 k - a potion of agility
 l - 2 potions of invisibility
 p - a potion of might
 r - 2 potions of flight
 v - a potion of haste
Books
 b - a book of Callings

   Spells                             Type                      Level
   a - Summon Small Mammal            Summoning                    1
   b - Call Imp                       Summoning                    2
   c - Call Canine Familiar           Summoning                    3
   d - Summon Guardian Golem          Hexes/Summoning              3
   e - Summon Lightning Spire         Summoning/Air                4
   f - Summon Ice Beast               Ice/Summoning                4


   Skills:
 + Level 6.4 Fighting
 * Level 9.5 Long Blades
 - Level 0.7 Armour
 + Level 7.3 Dodging
 + Level 9.8 Stealth


You had 8 spell levels left.
You didn't know any spells.

Dungeon Overview and Level Annotations

Branches:
Dungeon (8/15)             Temple (1/1) D:6
   Lair: D:8-11

Altars:
Cheibriados
Dithmenos
Elyvilon
Fedhas
Gozag
Hepliaklqana
Kikubaaqudgha
Makhleb
Nemelex Xobeh
Okawaru
Qazlal
Ru
Sif Muna
Trog
Uskayaw
Vehumet
Wu Jian
Xom
Yredelemnul
The Shining One

Shops:
D:8 [

Annotations:
D:7 2 transporters
D:8 Pikel


Innate Abilities, Weirdness & Mutations

((You have razor-sharp teeth.))
You have supernaturally acute eyesight. (SInv)
((You can survive without breathing.))
((You are partially covered in thin metallic scales. (AC +2)))
You possess an exceptional clarity of mind.
You are clumsy. (Dex -2)
You are frail. (-10% HP)


Message History

The death drake flickers and vanishes for a moment.
The death drake is almost dead.
* * * LOW HITPOINT WARNING * * *
You feel sick.
The death drake bites you but does no damage.
You hit the death drake but do no damage.
The death drake is moving more slowly.
The death drake is almost dead.
* * * LOW HITPOINT WARNING * * *
You feel sick.
The death drake bites you but does no damage.
The death drake breathes miasma at you.
Helpless, you fail to dodge the foul vapour.
You strike the helpless death drake from behind!
You hit the death drake.
The death drake seems to speed up.
The death drake is almost dead.
You are engulfed in dark miasma.
You are more poisoned.
You die...
Xom laughs nastily!

##........#.......##...
##........#.............
.#....[...#.............
##†[)##...#.............
##)..##...'_............
.....#.._.#.......##....
.....#....#.......##....
)....##...##...§§§......
.....##...##...§♣k).....
.....#.........§§§......
.....#.........§........
.....#..................
########################


You could see a death drake (petrifying).

Vanquished Creatures
  Grinder (D:6)
  A hippogriff (D:8)
  The ghost of happinesssam the Poker, an amateur MfGl (D:4)
  A warg (D:5)
  Menkaure (D:5)
  A water moccasin (D:3)
  Edmund (D:6)
  Purgy (D:3)
  4 orc warriors
  A sky beast (D:5)
  An ice beast (D:8)
  A slave (D:7)
  A black bear (D:5)
  4 ogres
  2 centaurs
  A big kobold (Sewer)
  2 bullfrogs
  A gnoll sergeant (D:7)
  2 crimson imps
  A quasit (D:7)
  2 orc priests
  Crazy Yiuf (D:5)
  A gnoll shaman (D:5)
  3 bullfrog skeletons
  6 orc wizards
  3 iguanas
  9 worker ants
  Natasha (thrice) (D:3)
  2 hound skeletons (D:4)
  16 gnolls
  A howler monkey skeleton (D:5)
  3 river rats (Sewer)
  3 adders
  2 shadow imps
  An ooze (D:4)
  An adder zombie (D:8)
  An adder skeleton (D:7)
  3 worms
  A dart slug (D:1)
  3 leopard geckos
  19 orcs
  2 ball pythons
  4 bats
  6 giant cockroaches
  2 goblins (D:3)
  8 hobgoblins
  5 jackals
  4 quokkas
  4 frilled lizards
  4 kobolds
  6 rats
158 creatures vanquished.

Vanquished Creatures (collateral kills)
  A gnoll sergeant (D:6)
  A gnoll (D:6)
2 creatures vanquished.

Vanquished Creatures (others)
  An ogre (D:6)
1 creature vanquished.

Grand Total: 161 creatures vanquished

Notes
Turn   | Place    | Note
-------+----------+-------------------------------------------
     0 | D:1      | Lanoc the Vampire Chaos Knight began the quest for the Orb.
     0 | D:1      | Reached XP level 1. HP: 17/17 MP: 1/1
    27 | D:1      | XOM: harmless Air miscast
    66 | D:1      | Reached skill level 1 in Stealth
    68 | D:1      | Reached XP level 2. HP: 16/23 MP: 2/2
   372 | D:3      | Reached XP level 3. HP: 28/28 MP: 3/3
   420 | D:3      | Noticed Natasha
   426 | D:3      | Killed Natasha
   479 | D:3      | XOM: harmless Hex miscast
   552 | D:3      | Noticed Natasha
   562 | D:3      | Killed Natasha
   562 | D:3      | Reached XP level 4. HP: 27/35 MP: 4/4
   597 | D:3      | Noticed Natasha
   608 | D:3      | Killed Natasha
   625 | D:3      | Noticed a water moccasin
   641 | D:3      | Killed a water moccasin
   641 | D:3      | Reached XP level 5. HP: 13/41 MP: 5/5
   769 | D:3      | XOM: divination: detect creatures
   907 | D:3      | Noticed Purgy
   917 | D:3      | Killed Purgy
   917 | D:3      | Reached skill level 5 in Long Blades
   917 | D:3      | Reached XP level 6. HP: 25/48 MP: 6/6
  1188 | D:4      | XOM: divination: detect items
  1194 | D:4      | Found a glowing drain.
  1222 | Sewer    | Entered a sewer
  1237 | Sewer    | XOM: smoke on damage
  1292 | Sewer    | XOM: silly message
  1336 | Sewer    | XOM: potion effect (haste)
  1372 | Sewer    | Found a white marble altar of Elyvilon.
  1521 | D:4      | Reached skill level 5 in Stealth
  1521 | D:4      | Reached XP level 7. HP: 47/54 MP: 7/7
  1582 | D:4      | Noticed happinesssam's ghost (amateur MfGl)
  1582 | D:4      | XOM: divination: detect creatures
  1610 | D:4      | HP: 1/54 [happinesssam's ghost (10)]
  1610 | D:4      | Killed happinesssam's ghost
  1787 | D:4      | XOM: confusion
  1792 | D:4      | XOM: enchant monster (good)
  1986 | D:4      | Reached XP level 8. HP: 55/61 MP: 8/8
  2049 | D:4      | XOM: harmless Tloc miscast
  2224 | D:5      | Entered Level 5 of the Dungeon
  2228 | D:5      | Reached skill level 5 in Dodging
  2411 | D:5      | XOM: confuse monster(s)
  2470 | D:5      | Noticed Prince Ribbit
  2476 | D:5      | XOM: give mutations
  2476 | D:5      | Gained mutation: Your spells are a little harder to cast, but a little more powerful. [Xom's grace]
  2476 | D:5      | Gained mutation: You are partially covered in thin metallic scales. (AC +2) [Xom's grace]
  2476 | D:5      | Gained mutation: You possess an exceptional clarity of mind. [Xom's grace]
  2478 | D:5      | Noticed Prince Ribbit
  2478 | D:5      | Prince Ribbit changed into Prince Ribbit the warg
  2478 | D:5      | XOM: polymorph Prince Ribbit -> Prince Ribbit the warg
  2486 | D:5      | XOM: 2-stop teleportation journey
  2489 | D:5      | Killed Prince Ribbit the warg
  2621 | D:5      | Noticed Menkaure
  2638 | D:5      | Reached skill level 5 in Fighting
  2663 | D:5      | XOM: scenery: create altars
  2683 | D:5      | XOM: medium Conj miscast
  2760 | D:5      | XOM: butterfly on damage
  2762 | D:5      | Killed Menkaure
  2966 | D:5      | Found a runed door.
  2970 | D:5      | Noticed Crazy Yiuf
  2977 | D:5      | Killed Crazy Yiuf
  3216 | D:6      | XOM: summons 2 friendly demons
  3224 | D:6      | XOM: stat loss: -1 Dex (14/15)
  3238 | D:6      | XOM: summons 3 friendly demons
  3242 | D:6      | Reached XP level 9. HP: 64/68 MP: 9/9
  3328 | D:6      | Noticed Edmund
  3339 | D:6      | XOM: enchant monster (good)
  3341 | D:6      | XOM: summons 2 friendly demons
  3351 | D:6      | Killed Edmund
  3371 | D:6      | Found a staircase to the Ecumenical Temple.
  3396 | Temple   | Entered the Ecumenical Temple
  3477 | D:6      | XOM: give mutations
  3477 | D:6      | Lost mutation: Your spells are a little harder to cast, but a little more powerful. [Xom's mischief]
  3477 | D:6      | Gained mutation: You are frail. (-10% HP) [Xom's mischief]
  3519 | D:6      | Found an iron altar of Okawaru.
  3541 | D:6      | XOM: give mutation
  3541 | D:6      | Gained mutation: You are clumsy. (Dex -2) [Xom's mischief]
  3737 | D:6      | Noticed Grinder
  3743 | D:6      | XOM: potion effect (might)
  3753 | D:6      | Killed Grinder
  4237 | D:7      | Found a transporter.
  4346 | D:7      | Found a transporter.
  4437 | D:7      | XOM: harmless Conj miscast
  4520 | D:7      | Found a hazy altar of Hepliaklqana.
  4523 | D:7      | Found an opulent altar of Gozag.
  4529 | D:7      | Found a blossoming altar of Fedhas.
  4547 | D:7      | XOM: noise
  4894 | D:7      | XOM: noise
  4980 | D:7      | XOM: noise
  4989 | D:8      | Found Kowed's Antique Armour Shop.
  4991 | D:8      | XOM: 1-stop teleportation journey
  5062 | D:8      | XOM: scenery: 2 doors open
  5064 | D:8      | XOM: scenery: 2 doors close
  5074 | D:8      | Noticed a two-headed ogre
  5078 | D:8      | XOM: fake destruction
  5080 | D:8      | XOM: harmless Summ miscast
  5090 | D:8      | Noticed Pikel
  5092 | D:8      | XOM: summons 9 friendly demons
  5138 | D:8      | XOM: scenery: create altars
  5149 | D:8      | XOM: noise
  5197 | D:7      | XOM: mild Hex miscast
  5242 | D:7      | XOM: god gift: ring mail {god gift}
  5286 | D:8      | XOM: medium Pois miscast
  5329 | D:8      | Noticed a two-headed ogre
  5332 | D:8      | Noticed a death drake
  5332 | D:8      | a two-headed ogre changed into a death drake
  5332 | D:8      | XOM: polymorph two-headed ogre -> death drake
  5338 | D:8      | XOM: summons friendly quasit
  5341 | D:8      | XOM: divine lightning
  5346 | D:8      | Engulfed by a death drake's foul pestilence

Skill      XL: |  1  2  3  4  5  6  7  8  9 |
---------------+----------------------------+-----
Stealth        | 1 2 3 4 5 6 8 9 |  9.8
Fighting       | 3 4 5 6 |  6.4
Long Blades    | 4 5 6 8 9 |  9.5
Dodging        | 3 4 6 7 |  7.3
Armour         | |  0.7

Action                   |  1- 3 |  4- 6 |  7- 9 || total
-------------------------+-------+-------+-------++-------
Melee: Falchion          |    68 |   119 |   548 ||   735
       Bite              |     6 |    17 |    89 ||   112
  Use: Potion            |       |    11 |    16 ||    27
       Scroll            |       |     6 |     5 ||    11
 Stab: Petrified         |       |     6 |    25 ||    31
       Petrifying        |       |     1 |    10 ||    11
       Sleeping          |       |     4 |    14 ||    18
       Paralysed         |       |     2 |    10 ||    12
       Confused          |       |       |     4 ||     4
       Distracted        |       |       |     1 ||     1
Armor: Leather armour    |    17 |     7 |       ||    24
       Troll leather arm |       |    19 |   123 ||   142
       Skin              |       |       |    12 ||    12
Dodge: Dodged            |    52 |    73 |   354 ||   479
       Rpst.: Falchion   |     9 |    21 |   117 ||   147
